 Dungeon Crawl Stone Soup version 0.31-b1-20-g67cafac56d (webtiles) character file.

Game seed: 14853556819654546393

80 Janerl the Cudgeller (level 4, -4/41 HPs)
             Began as a Minotaur Berserker on Jan 17, 2024.
             Was a Believer of Trog.
             Slain by Sigmund
             ... wielding a +5 scythe of protection
              (15 damage)
             ... on level 2 of the Dungeon.
             The game lasted 00:04:27 (1073 turns).

Janerl the Cudgeller (Minotaur Berserker)           Turns: 1073, Time: 00:04:27

Health: -4/41      AC:  5    Str: 21    XL:     4   Next: 18%
Magic:  3/3        EV: 11    Int:  6    God:    Trog [**....]
Gold:   74         SH:  0    Dex: 10    Spells: 3/3 levels left

rFire   + . .        a - +0 mace
rCold   + . .        (no shield)
rNeg    + . .        c - +0 ring mail
rPois   +            (helmet restricted)
rElec   +            (no cloak)
rCorr   +            (no gloves)
SInv    .            (no boots)
Will    .....        (no amulet) Stlth
                     k - ring of positive energy
HPRegen 0.26/turn    (no ring)
MPRegen 0.08/turn

%: no passive effects
@: confused, brilliant, resistant
A: horns 2, retaliatory headbutt
a: Renounce Religion, Berserk, Trog's Hand


You were on level 2 of the Dungeon.
You worshipped Trog.
Trog was pleased with you.
You visited 1 branch of the dungeon, and saw 2 of its levels.

You collected 74 gold pieces.

Inventory:

Hand Weapons
 a - a +0 mace (weapon)
Armour
 b - a +0 animal skin
 c - a +0 ring mail (worn)
Jewellery
 k - a ring of positive energy (left hand)
Talismans
 i - a flux talisman
Scrolls
 g - a scroll of enchant weapon {unknown}
 l - a scroll of identify {unknown}
Potions
 e - a potion of heal wounds {unknown}
 f - a potion of enlightenment {unknown}
 h - a potion of curing {unknown}
 j - a potion of resistance


   Skills:
 + Level 4.3 Fighting
 + Level 4.6 Maces & Flails
 + Level 3.3 Armour
 + Level 2.8 Dodging
 + Level 0.1 Stealth


You had 3 spell levels left.
You didn't know any spells.
Your spell library was empty.

Dungeon Overview and Level Annotations

Branches:
Dungeon (2/15)

Altars:
Ru

Annotations:
D:2 Sigmund


Innate Abilities, Weirdness & Mutations

You have a pair of horns on your head.
You reflexively headbutt those who attack you in melee.


Message History

A goblin comes into view. It is wielding a +0 dagger.
You hit the goblin.
You kill the goblin!
Trog accepts your kill.
Sigmund points at you and mumbles some strange words.
The magic dart hits you.
Things that are here:
a +0 club; a goblin corpse
Found 14 gold pieces.
A hobgoblin comes into view.
The hobgoblin shouts!
Sigmund hits you from afar with a +5 scythe of protection.
The goblin hits you but does no damage. The goblin attacks as it pursues you!
The goblin hits you with a +0 dagger. The goblin attacks as it pursues you!
The goblin hits you but does no damage.
Sigmund gestures wildly while chanting.
Sigmund flickers and vanishes!
Deactivating autopickup; reactivate with Ctrl-A.
You sock the goblin!
You kill the goblin!
Trog accepts your kill. Something hits you!
Things that are here:
a +0 dagger; a goblin corpse You barely miss something.
Your headbutt misses something.
You hear some strange, mumbled words.
You are confused.
The hobgoblin hits you. Something hits you!
* * * LOW HITPOINT WARNING * * *
You're too confused to move!
The hobgoblin barely misses you.
It was a potion of resistance.
You feel protected. Something hits you.
* * * LOW HITPOINT WARNING * * *
The hobgoblin hits you but does no damage.
It was a potion of brilliance.
You feel clever all of a sudden. Something hits you!
You die...

######....### #.#########..
##......#....###..##.....#..
##........##....#..##.....(..
#..........#.##.##...........
#.......†..#..............###
#.....)....#......:......##
#..........##...........###
#.....$...{g........#.....##
##........##@....#..#...#..##
#................#..#....#...
#..........###..##..#..#.....
#..........###......#..#.....
#..........##..#..#........##
#....$.....#..#...#........##
#........#..##....<.........
.......##...†.......##..
.#####...............


You could see a hobgoblin.

Vanquished Creatures
  4 adders (D:2)
  A dart slug (D:1)
  A ribbon worm (D:2)
  6 ball pythons
  4 endoplasms
  3 giant cockroaches (D:1)
  4 goblins
  5 hobgoblins
  A quokka (D:2)
  4 bats
  2 frilled lizards
  A kobold (D:1)
  3 rats
39 creatures vanquished.

Notes
Turn   | Place    | Note
-------+----------+-------------------------------------------
     0 | D:1      | Janerl the Minotaur Berserker began the quest for the Orb.
     0 | D:1      | Reached XP level 1. HP: 19/19 MP: 0/0
     6 | D:1      | Noticed an iguana
     6 | D:1      | Noticed a brain worm
     6 | D:1      | Noticed a servant of whispers
     7 | D:1      | Noticed a fire giant
    94 | D:1      | Reached XP level 2. HP: 27/27 MP: 1/1
   694 | D:2      | Reached XP level 3. HP: 33/33 MP: 2/2
   715 | D:2      | Found a sacrificial altar of Ru.
   804 | D:2      | Reached ** piety under Trog
   949 | D:2      | Reached XP level 4. HP: 40/41 MP: 3/3
  1057 | D:2      | Noticed Sigmund
  1073 | D:2      | Slain by Sigmund

Illustrated notes

Levels and vault maps discovered:
D:1:      onia_arrival_zoo_common, layout_loops_cross, minmay_tromino_v4_a
D:2:      layout_rooms, basic_altar, uniq_sigmund

Skill      XL: |  1  2  3 |
---------------+----------+-----
Fighting       | 4 |  4.3
Maces & Flails | 4 |  4.6
Armour         | 3 |  3.3
Dodging        | |  2.8
Stealth        | |  0.1

Action                     |  1- 3 |  4- 6 || total
---------------------------+-------+-------++-------
  Melee: Mace              |    82 |     6 ||    88
         Headbutt          |     7 |     1 ||     8
    Use: Potion            |       |     2 ||     2
 Armour: Ring mail         |    54 |    12 ||    66
         Animal skin       |     1 |       ||     1
  Dodge: Dodged            |    60 |     6 ||    66
